 Dungeon Crawl Stone Soup version 0.25-a0-667-gb977e01 (webtiles) character file.

Game seed: 16802970796671590084, levelgen mode: deterministic

47 Faca the Skirmisher (level 3, 0/45 HPs)
             Began as a Human Berserker on Mar 27, 2020.
             Was a Believer of Trog.
             Slain by a gnoll (4 damage)
             ... on level 1 of the Dungeon on Mar 28, 2020.
             The game lasted 00:02:15 (788 turns).

Faca the Skirmisher (Human Berserker)                Turns: 788, Time: 00:02:16

Health: 0/45       AC:  6    Str: 18    XL:     3   Next: 97%
Magic:  3/3        EV: 11    Int: 11    God:    Trog [**....]
Gold:   36         SH:  0    Dex: 12    Spells: 2/2 levels left

rFire    . . .     SeeInvis .   a - +0 falchion
rCold    . . .     Gourm    .   (no shield)
rNeg     . . .     Faith    .   e - +0 ring mail
rPois    .         Spirit   .   (no helmet)
rElec    .         Reflect  .   (no cloak)
rCorr    .         Harm     .   d - +0 pair of gloves
MR       .....                  (no boots)
Stlth    ..........             (no amulet)
HPRegen  0.15/turn              b - +4 ring of intelligence
MPRegen  0.08/turn              (no ring)

@: berserking, very quick
A: no striking features
a: Berserk, Trog's Hand, Renounce Religion


You were on level 1 of the Dungeon.
You worshipped Trog.
Trog was pleased with you.
You were not hungry.

You visited 1 branch of the dungeon, and saw 2 of its levels.

You collected 36 gold pieces.

Inventory:

Hand Weapons
 a - a +0 falchion (weapon)
Missiles
 i - 2 javelins (quivered)
Armour
 d - a +0 pair of gloves (worn)
 e - a +0 ring mail (worn)
Jewellery
 b - a +4 ring of intelligence (left hand)
Potions
 f - 2 potions of curing {unknown}
 h - a potion of mutation {unknown}
 j - a potion of heal wounds {unknown}
 k - a potion of berserk rage {unknown}
 l - a potion of degeneration {unknown}
 m - a potion of flight {unknown}
 n - a potion of stabbing {unknown}
Comestibles
 c - 2 rations
 g - 2 chunks of flesh


   Skills:
 + Level 3.8 Fighting
 + Level 3.8 Long Blades
 - Level 2.0 Armour
 - Level 2.0 Dodging


You had 2 spell levels left.
You didn't know any spells.
Your spell library was empty.

Dungeon Overview and Level Annotations

Branches:
Dungeon (2/15)

Altars:


Message History

The gnoll is almost dead.
The giant cockroach barely misses you.
You riposte.
You hit the giant cockroach.
You kill the giant cockroach!
Trog accepts your kill. The gnoll closely misses you.
A red film seems to cover your vision as you go berserk!
You feel yourself moving faster!
You feel mighty!
You feel quite a bit more hungry. The gnoll hits you but does no damage.
You barely miss the gnoll.
The gnoll is almost dead.
The gnoll barely misses you.
You riposte.
You barely miss the gnoll.
The gnoll is almost dead.
You hit the gnoll.
You kill the gnoll!
Trog accepts your kill.
You slash the gnoll!
The gnoll is severely wounded.
The gnoll hits you.
You die...

###### ##### #....#
#...#
###....###...#####
#@g÷..............
##)#######....##...
#.......##.........
#..##...##.........
#..##...##.........
#(.........###.....
##.....#######.....
#...†.'.....'†....
#.....#######.....


You could see a gnoll.

Vanquished Creatures
  2 gnolls (D:1)
  2 dart slugs (D:1)
  A leopard gecko (D:1)
  A giant cockroach (D:1)
  2 goblins (D:1)
  A hobgoblin (D:1)
  2 jackals (D:1)
  7 bats (D:1)
  A frilled lizard (D:1)
  A kobold (D:1)
  4 rats (D:1)
24 creatures vanquished.

Notes
Turn   | Place    | Note
-------+----------+-------------------------------------------
     0 | D:1      | Faca the Human Berserker began the quest for the Orb.
     0 | D:1      | Reached XP level 1. HP: 18/18 MP: 1/1
    94 | D:1      | Reached XP level 2. HP: 23/24 MP: 2/2
   381 | D:1      | Reached XP level 3. HP: 29/29 MP: 3/3
   781 | D:1      | Reached ** piety under Trog
   788 | D:1      | Slain by a gnoll

Levels and vault maps discovered:
D:1:      roderic_octagonal_star, layout_basic
D:2:      layout_loops_ring, cheibriados_altar_1, first_ration,
          solitary_fountain, st_stairs_7

Action                   || total
-------------------------++-------
Melee: Falchion          ||    62
Invok: Berserk           ||     1
  Use: Scroll            ||     1
Armor: Ring mail         ||    37
       Animal skin       ||     2
Dodge: Dodged            ||    58
       Rpst.: Falchion   ||    22

Table legend:
 A = Non-vault XP
 B = Vault XP
 C = Vault XP percentage of total XP
 D = Non-vault monster count
 E = Vault monster count
 F = Vault count percentage of total count
                 A         B        C        D         E       F
            +---------+---------+-------+---------+---------+-------
      Total |      68 |       0 |   0.0 |      24 |       0 |   0.0
            +---------+---------+-------+---------+---------+-------
        D:1 |      68 |       0 |   0.0 |      24 |       0 |   0.0
            +---------+---------+-------+---------+---------+-------
